AoeStats
← Wejwy

Migration

506688587Analyzed
1v1 RM · 19d ago on Sep 14, 2026· 38m 49s· 2 players
Game mode
Random Map
Map size
132×132
Population
200
Speed
Normal
Resources
Standard
Victory
Conquest
Starting age
Dark Age
Ending age
Imperial Age
RankedLock teamsTeams togetherTeam positionsShared explorationLock speedFull tech treeHidden civsTurbo modeCheats
Victory
Defeat
🇦🇷 Vikings · Argentina
1041
+14
🇨🇿 Vikings · Czechia
1006
-14
Wejwy
9:34 Loom
11:59 Feudal Age
12:25 Double-Bit Axe
14:02 Town Watch
18:52 Castle Age
16:59 Horse Collar
21:54 Heavy Plow
22:06 Bow Saw
25:17 Fletching
25:18 Man-at-Arms
27:14 Squires
26:38 Long Swordsman
27:40 Bodkin Arrow
27:46 Padded Archer Armor
28:16 Gambesons
28:35 Scale Mail Armor
28:47 Forging
29:59 Stone Mining
35:22 Imperial Age
32:47 Gold Mining
33:17 Arson
36:39 Conscription
37:36 Bracer
EL CHARRO HOLLY
11:45 Feudal Age
13:35 Fishing Lines
13:45 Loom
17:33 Castle Age
16:55 Double-Bit Axe
17:34 Stone Mining
17:38 Gold Mining
19:45 Fletching
20:06 Horse Collar
20:47 Bow Saw
22:46 Bodkin Arrow
24:22 Gillnets
24:33 Horse Collar
32:54 Imperial Age
30:47 Heavy Plow
31:28 Gold Shaft Mining
31:47 Padded Archer Armor
32:26 Crossbowman
33:32 Ballistics
33:34 Forging
33:24 Scale Mail Armor
33:40 Leather Archer Armor
33:40 Forging
33:31 Scale Mail Armor
34:00 Conscription
35:22 Chemistry
34:21 Arbalester
39:01 Siege Engineers
38:37 Treadmill Crane
Connection lost

Rejoining the realm…

Still unreachable

The connection could not be restored.

Session expired

The server has moved on; the page needs a fresh start.